 Dungeon Crawl Stone Soup version 0.20.1-1-g8b1a95d (webtiles) character file.

1344 lorenzova the Thaumaturge (level 8, -1/41 HPs)
             Began as a Deep Elf Conjurer on Nov 7, 2017.
             Was a Believer of Vehumet.
             Killed from afar by an orc wizard (3 damage)
             ... with a magic dart
             ... on level 6 of the Dungeon.
             The game lasted 00:20:44 (7398 turns).

lorenzova the Thaumaturge (Deep Elf Conjurer)       Turns: 7398, Time: 00:20:45

Health: -1/41      AC:  2    Str:  5    XL:     8   Next: 36%
Magic:  5/22       EV: 13    Int: 23    God:    Vehumet [**....]
Gold:   272        SH:  0    Dex: 15    Spells: 8/24 levels left

rFire    . . .     SeeInvis .   d - +0 whip
rCold    . . .     Gourm    .   (no shield)
rNeg     . . .     Faith    .   a - +0 robe
rPois    .         Spirit   .   (no helmet)
rElec    .         Reflect  .   (no cloak)
rCorr    .         Harm     .   (no gloves)
MR       .....                  (no boots)
Stlth    ++........             (no amulet)
Regen    0.2/turn               (no ring)
MPRegen  0.2/turn               (no ring)

@: no status effects
A: no striking features
a: Renounce Religion


You were on level 6 of the Dungeon.
You worshipped Vehumet.
Vehumet was pleased with you.
You were hungry.

You visited 2 branches of the dungeon, and saw 8 of its levels.

You collected 377 gold pieces.
You spent 105 gold pieces at shops.

Inventory:

Hand Weapons
 d - a +0 whip (weapon)
Armour
 a - a +0 robe (worn)
 u - a +1 troll leather armour
 D - a cursed +0 ring mail
Jewellery
 h - an uncursed amulet of harm
 y - an uncursed ring of ice
Wands
 E - a wand of iceblast (11/15)
Scrolls
 f - a scroll of fear {unknown}
 i - 3 scrolls of identify
 k - 2 scrolls of amnesia
 l - 3 scrolls of remove curse
 o - 2 scrolls of enchant armour
 r - 3 scrolls of fog
 x - a scroll of immolation
 B - 2 scrolls of teleportation
 C - 2 scrolls of noise {unknown}
Potions
 m - 3 potions of mutation
 n - a potion of resistance
 q - 3 potions of lignification
 s - a potion of agility
 t - a potion of might {unknown}
 w - 3 potions of ambrosia {unknown}
 F - a potion of magic {unknown}
 G - a potion of degeneration {unknown}
Books
 b - a book of Conjurations

   Spells                             Type                      Level
   a - Magic Dart                     Conjuration                  1
   b - Searing Ray                    Conjuration                  2
   c - Dazzling Spray                 Conjuration/Hexes            3
   d - Fulminant Prism                Conjuration/Hexes            4
   e - Force Lance                    Conjuration/Translocation    4
   f - Iskenderun's Mystic Blast      Conjuration                  4
 z - a book of Cantrips

   Spells                             Type                      Level
   a - Confusing Touch                Hexes                        1
   b - Animate Skeleton               Necromancy                   1
   c - Summon Small Mammal            Summoning                    1
   d - Apportation                    Translocation                1
 A - a book of Minor Magic

   Spells                             Type                      Level
   a - Magic Dart                     Conjuration                  1
   b - Blink                          Translocation                2
   c - Call Imp                       Summoning                    2
   d - Slow                           Hexes                        2
   e - Conjure Flame                  Conjuration/Fire             3
   f - Mephitic Cloud                 Conjuration/Poison/Air       3
 I - a book of Necromancy

   Spells                             Type                      Level
   a - Pain                           Necromancy                   1
   b - Animate Skeleton               Necromancy                   1
   c - Vampiric Draining              Necromancy                   3
   d - Regeneration                   Charms/Necromancy            3
   e - Animate Dead                   Necromancy                   4
   f - Control Undead                 Necromancy                   4
Comestibles
 c - 6 bread rations
 g - 5 royal jellies
 p - a fruit
 v - 2 meat rations


   Skills:
 - Level 2.4 Dodging
 - Level 2.4 Stealth
 * Level 8.8 Spellcasting
 * Level 8.3 Conjurations
 + Level 3.8 Hexes
 + Level 3.7 Fire Magic


You had 8 spell levels left.
You knew the following spells:

 Your Spells              Type           Power        Failure   Level  Hunger
a - Magic Dart            Conj           ####         1%          1    None
b - Searing Ray           Conj           #####.       1%          2    None
c - Iskenderun's Mystic   Conj           #####...     1%          4    ##.....
d - Fulminant Prism       Conj/Hex       #####.....   4%          4    ##.....
q - Blink                 Tloc           N/A          10%         2    None
z - Conjure Flame         Conj/Fire      #####...     1%          3    None


Dungeon Overview and Level Annotations

Branches:
Dungeon (7/15)             Temple (1/1) D:4

Altars:
Ashenzari
Dithmenos
Elyvilon
Gozag
Hepliaklqana
Kikubaaqudgha
Makhleb
Nemelex Xobeh
Okawaru
Qazlal
Ru
Sif Muna
Trog
Uskayaw
Vehumet
Xom
Yredelemnul
Zin
The Shining One

Shops:
D:6 ?


Message History

* * * LOW HITPOINT WARNING * * *
Your fulminant prism explodes!
The blast of energy engulfs the orc warrior.
The orc warrior is moderately wounded.
The blast of energy engulfs the orc.
You kill the orc!
Vehumet accepts your kill.
You feel your power returning.
The blast of energy engulfs the orc.
You kill the orc!
Vehumet accepts your kill.
You feel your power returning.
You hear a howl!
You hear an angry growl.
You hear a shout!
An ogre comes into view. It is wielding a giant spiked club.
The orc warrior hits you from afar with a halberd.
* * * LOW HITPOINT WARNING * * *
You climb upwards.
There is a stone staircase leading down here.
A magic dart appears from out of thin air!
The magic dart hits you!
You die...

........###.).#.∩.#.$...########
...........o...................#
........#####...#.........######
[.......######...#....#...#
......)....# ##.##.##.....#
.)).....##...##....>##...[#
<.#.##### #..#..##.##.[[.# ..#.#
#.............[ .##.#
#.#.@.o.#....... ##..#
.................... # .##
.................... #.
..................
.....................
#....................
#..........##.......
##..........# .#... #..........#


You could see an orc.

Vanquished Creatures
  Menkaure (D:4)
  The ghost of lorenzova the Conjurer, an amateur DECj (D:4)
  A centaur (D:6)
  A gnoll sergeant (D:5)
  A bullfrog (D:5)
  5 wights (D:6)
  2 crimson imps
  A bullfrog zombie (D:6)
  A hound (D:6)
  An orc priest (D:6)
  A bullfrog skeleton (D:5)
  3 orc wizards
  3 worker ants
  A hound skeleton (D:6)
  12 gnolls
  8 adders
  A shadow imp (D:5)
  An ooze (D:6)
  4 worms
  2 dart slugs (D:2)
  7 leopard geckos
  19 orcs
  2 ball pythons
  5 giant cockroaches
  11 goblins
  5 hobgoblins
  14 jackals
  10 kobolds
  4 quokkas
  9 bats
  8 frilled lizards
  A jackal skeleton (D:6)
  2 quokka skeletons
  A quokka zombie (D:5)
  5 rats
154 creatures vanquished.

Vanquished Creatures (others)
  8 fulminant prisms
8 creatures vanquished.

Grand Total: 162 creatures vanquished

Notes
Turn   | Place    | Note
-------+----------+-------------------------------------------
     0 | D:1      | lorenzova the Deep Elf Conjurer began the quest for the Orb.
     0 | D:1      | Reached XP level 1. HP: 10/10 MP: 6/6
   301 | D:1      | Reached XP level 2. HP: 15/15 MP: 0/8
   372 | D:1      | Learned a level 2 spell: Searing Ray
   798 | D:1      | Reached XP level 3. HP: 19/19 MP: 7/10
   865 | D:1      | Reached skill level 5 in Conjurations
  1861 | D:2      | Found a glowing silver altar of Zin.
  1863 | D:2      | Found a hazy altar of Hepliaklqana.
  1863 | D:2      | Found a bloodstained altar of Trog.
  1863 | D:2      | Found a stormy altar of Qazlal.
  1863 | D:2      | Found a hide-covered altar of Uskayaw.
  1864 | D:2      | Found a basalt altar of Yredelemnul.
  1865 | D:2      | Found a sacrificial altar of Ru.
  1866 | D:2      | Found a shattered altar of Ashenzari.
  1867 | D:2      | Found a sparkling altar of Nemelex Xobeh.
  2126 | D:2      | Reached XP level 4. HP: 24/24 MP: 10/12
  2132 | D:2      | Learned a level 4 spell: Iskenderun's Mystic Blast
  2426 | D:2      | You fall through a shaft for 2 floors!
  2444 | D:4      | Noticed lorenzova's ghost (amateur DECj)
  2730 | D:4      | Found a staircase to the Ecumenical Temple.
  2752 | Temple   | Entered the Ecumenical Temple
  2863 | Temple   | Became a worshipper of Vehumet
  2960 | D:3      | Reached skill level 5 in Spellcasting
  3311 | D:3      | Reached XP level 5. HP: 28/28 MP: 10/14
  3599 | D:3      | Reached * piety under Vehumet
  3599 | D:3      | Offered knowledge of Sandblast by Vehumet.
  3778 | D:3      | Learned a level 3 spell: Conjure Flame
  3781 | D:3      | Learned a level 2 spell: Blink
  3998 | D:4      | Killed lorenzova's ghost
  3998 | D:4      | Reached XP level 6. HP: 23/32 MP: 1/17
  3999 | D:4      | Noticed Menkaure
  4178 | D:3      | Learned a level 4 spell: Fulminant Prism
  4607 | D:4      | Killed Menkaure
  4607 | D:4      | Reached skill level 1 in Hexes
  4607 | D:4      | Reached skill level 1 in Fire Magic
  4706 | D:4      | Reached XP level 7. HP: 12/36 MP: 5/19
  4965 | D:5      | Entered Level 5 of the Dungeon
  5405 | D:5      | Offered knowledge of Freeze by Vehumet.
  5805 | D:5      | Reached ** piety under Vehumet
  5943 | D:5      | Found a deep blue altar of Sif Muna.
  7116 | D:6      | Reached XP level 8. HP: 36/41 MP: 7/22
  7245 | D:6      | Found Ymelueti's Magic Scroll Shop.
  7253 | D:6      | Bought a scroll of identify for 30 gold pieces
  7253 | D:6      | Bought a scroll of identify for 30 gold pieces
  7253 | D:6      | Bought a scroll of teleportation for 45 gold pieces
  7393 | D:7      | HP: 2/41 [orc warrior/halberd (4)]
  7398 | D:6      | Killed from afar by an orc wizard

Skill      XL: |  1  2  3  4  5  6  7  8 |
---------------+-------------------------+-----
Spellcasting   | 4 5 6 7 8 |  8.8
Conjurations   | 5 6 7 8 |  8.3
Hexes          | 1 3 |  3.8
Fire Magic     | 2 3 |  3.7
Dodging        | |  2.4
Stealth        | |  2.4

Action                   |  1- 3 |  4- 6 |  7- 9 || total
-------------------------+-------+-------+-------++-------
Melee: Whip              |     5 |       |     7 ||    12
       Unarmed           |     1 |       |       ||     1
 Cast: Magic Dart        |    90 |   127 |    72 ||   289
       Searing Ray       |       |     5 |       ||     5
       Iskenderun's Myst |       |     6 |    21 ||    27
       Fulminant Prism   |       |       |     8 ||     8
  Use: Scroll            |       |     1 |    12 ||    13
       Potion            |       |       |     3 ||     3
  Eat: Chunk             |     2 |    10 |     5 ||    17
       Bread ration      |       |       |     1 ||     1
Armor: Robe              |     3 |     3 |     3 ||     9
Dodge: Dodged            |    20 |    25 |    20 ||    65
